AoeStats
← Olafo

Arabia

510304493Analyzed
1v1 RM · 6h ago on Sep 30, 2026· 26m 45s· 2 players
Game mode
Random Map
Map size
Tiny (2 player)
Population
200
Speed
Normal
Resources
Standard
Victory
Conquest
Starting age
Dark Age
Ending age
Imperial Age
RankedLock teamsTeams togetherTeam positionsShared explorationLock speedFull tech treeHidden civsTurbo modeCheats
Victory
Defeat
🇦🇷 Franks · Argentina
460
+13
🇪🇸 Bohemians · Spain
405
-13
mhamity
9:00 Loom
10:46 Feudal Age
16:13 Forging
22:25 Castle Age
24:09 Iron Casting
23:39 Scale Barding Armor
23:24 Pikeman
24:04 Squires
26:20 Chain Barding Armor
Olafo
10:31 Feudal Age
16:24 Horse Collar
19:02 Loom
Connection lost

Rejoining the realm…

Still unreachable

The connection could not be restored.

Session expired

The server has moved on; the page needs a fresh start.